 Dungeon Crawl Stone Soup version 0.21-a0-496-g696f58f (webtiles) character file.

6 theanonym the Chiller (level 1, 0/13 HPs)
             Began as a Demonspawn Ice Elementalist on Nov 24, 2017.
             Slain by a hobgoblin (2 damage)
             ... led by Robin
             ... on level 2 of the Dungeon.
             The game lasted 00:00:37 (573 turns).

theanonym the Chiller (Demonspawn Ice Elementalist)  Turns: 573, Time: 00:00:37

Health: 0/13       AC:  2    Str:  8    XL:     1   Next: 75%
Magic:  0/3        EV: 12    Int: 16    God:
Gold:   26         SH:  0    Dex: 13    Spells: 3/4 levels left

rFire    . . .     SeeInvis .   d - +0 club
rCold    . . .     Gourm    .   (no shield)
rNeg     . . .     Faith    .   a - +0 robe
rPois    .         Spirit   .   (no helmet)
rElec    .         Reflect  .   (no cloak)
rCorr    .         Harm     .   (no gloves)
MR       .....                  (no boots)
Stlth    ++........             (no amulet)
HPRegen  0.04/turn              (no ring)
MPRegen  0.08/turn              (no ring)

@: very slightly contaminated
A: no striking features
a: no special abilities


   Skills:
 - Level 1.7 Dodging
 - Level 1.7 Stealth
 + Level 2.2 Spellcasting
   Level 1.0 Conjurations
 + Level 2.9 Ice Magic


You had 3 spell levels left.
You knew the following spells:

 Your Spells              Type           Power        Failure   Level  Hunger
a - Freeze                Ice            ##..         6%          1    #......

Action                   || total
-------------------------++-------
Melee: Club              ||     9
 Cast: Freeze            ||     5
Armor: Robe              ||     3
Dodge: Dodged            ||    10

Inventory:

Hand Weapons
 d - a +0 club (weapon)
   (You found it on level 1 of the Dungeon)
Armour
 a - a +0 robe (worn)
Scrolls
 e - 2 scrolls of teleportation {unknown}
 g - a scroll of enchant armour {unknown}
Potions
 h - a potion of invisibility {unknown}
Books
 b - a book of Frost

   Spells                             Type                      Level
   a - Freeze                         Ice                          1
   b - Throw Frost                    Conjuration/Ice              2
   c - Ozocubu's Armour               Charms/Ice                   3
   d - Throw Icicle                   Conjuration/Ice              4
   e - Summon Ice Beast               Ice/Summoning                4
Comestibles
 c - 2 bread rations
 f - 2 fruits

Dungeon Overview and Level Annotations

Branches:
Dungeon (2/15)

Altars:
Wu Jian


You were on level 2 of the Dungeon.
You were not hungry.

You visited 1 branch of the dungeon, and saw 2 of its levels.

You collected 26 gold pieces.


Message History

Found a stone staircase leading down.
Found a stone staircase leading down.
Found a stone staircase leading down.
There is a stone staircase leading down here.
c - 2 bread rations (gained 1)
A frilled lizard comes into view.
Found a pink potion.
A goblin comes into view.
The goblin shouts!
The frilled lizard hisses angrily.
The goblin misses you.
You closely miss the goblin. The goblin barely misses you.
You closely miss the frilled lizard. The goblin hits you but does no damage.
The frilled lizard bites you but does no damage.
You miss the frilled lizard. The goblin misses you.
The frilled lizard barely misses you. The goblin closely misses you.
Aim: a frilled lizard You freeze the frilled lizard.
You kill the frilled lizard!
The goblin hits you.
You take 1 damage, and have 12/13 hp.
You now have 2/3 mp.
Aim: a goblin You freeze the goblin.
The goblin hits you.
You take 4 damage, and have 8/13 hp.
MASSIVE DAMAGE!!
You now have 1/3 mp.
Aim: a goblin (heavily wounded)
You freeze the goblin.
You kill the goblin!
* * * LOW MAGIC WARNING * * *
You now have 0/3 mp.
You don't have enough magic to cast that spell.
You start resting.
Some of the chunks of flesh in your inventory have rotted away.
Health restored: 13; MP restored: 3 You butcher the frilled lizard corpse.
g - 2 chunks of flesh (gained 1)
h - a pink potion
Found 13 bolts.
e - 2 scrolls labeled YRUTZU RYOCSA (gained 1) Some of the chunks of flesh in your inventory have rotted away.
Key pressed, stopping explore.
All of the chunks of flesh in your inventory have rotted away.
Key pressed, stopping explore.
Key pressed, stopping explore.
You now have 25 gold pieces (gained 8).
Done exploring.
Done exploring.
There is a stone staircase leading down here.
You climb downwards.
Found a stone staircase leading down.
There is a stone staircase leading up here.
There is a stone staircase leading down here.
You now have 26 gold pieces (gained 1).
Found an ornate altar of the Wu Jian Council.
Found a quarterstaff.
Found 19 stones.
Unknown command.
You see here a quarterstaff.
You see here 19 stones.
g - a scroll labeled MOHAQEQ MAFIGI A hobgoblin comes into view.
A hobgoblin is nearby!
A goblin comes into view. It is wielding a dagger.
Found a dagger.
The hobgoblin shouts!
You hear a shout! x6
You hit the hobgoblin but do no damage. The hobgoblin barely misses you.
Aim: a goblin, wielding a dagger You freeze the goblin.
The hobgoblin completely misses you. The goblin hits you with a dagger.
A goblin comes into view. It is wielding a dagger.
You take 5 damage, and have 8/13 hp.
MASSIVE DAMAGE!!
You now have 2/3 mp.
Aim: a goblin, wielding a dagger (heavily wounded)
You freeze the goblin.
You kill the goblin!
The hobgoblin hits you but does no damage.
You now have 1/3 mp.
Aim: a hobgoblin You miscast Freeze.
You are very lightly contaminated with residual magic.
A chill runs through your body.
* * * LOW MAGIC WARNING * * *
The hobgoblin misses you.
You now have 0/3 mp.
You don't have enough magic to cast that spell.
No previous command to re-do.
No previous command to re-do.
No previous command to re-do.
No previous command to re-do.
You hit the goblin.
You kill the goblin!
The hobgoblin barely misses you.
You hit the hobgoblin but do no damage. The hobgoblin hits you.
* * * LOW HITPOINT WARNING * * *
You take 4 damage, and have 4/13 hp.
MASSIVE DAMAGE!!
Aim: a hobgoblin You miscast Freeze.
You shiver with cold.
* * * LOW MAGIC WARNING * * *
The hobgoblin hits you.
* * * LOW HITPOINT WARNING * * *
You take 3 damage, and have 1/13 hp.
MASSIVE DAMAGE!!
You now have 0/3 mp.
You closely miss the hobgoblin. The hobgoblin hits you.
You die...

#..#.# #..#..
.##### #.#.#
#....##.#
#...###.##....####
##................
##..###.##.#....#
#...)..(.....#
#.#..##.##...#
#.##.##......#
#.@g.....#..##
####.##.##..#
#..#.##..#
##.#.##.)#
.#.##..# ........
#..##)### ..##.#
#.#


You could see a hobgoblin.

Notes
Turn   | Place    | Note
-------+----------+-------------------------------------------
     0 | D:1      | theanonym the Demonspawn Ice Elementalist began the quest for the Orb.
     0 | D:1      | Reached XP level 1. HP: 13/13 MP: 3/3
   530 | D:2      | Found an ornate altar of the Wu Jian Council.
   571 | D:2      | HP: 4/13 [hobgoblin[Robin] (4)]
   572 | D:2      | HP: 1/13 [hobgoblin[Robin] (3)]
   573 | D:2      | Slain by a hobgoblin

Vanquished Creatures
  3 goblins
  2 frilled lizards (D:1)
  A rat (D:1)
6 creatures vanquished.
